Map: Overgrown Facility

Players

Mali - Winner!

  • Race: Zerg Zerg
  • Spawn Location: 1:00

PureLegacy - Winner!

  • Race: Terran Terran
  • Spawn Location: 3:00

Dictator

  • Race: Terran Terran
  • League: Diamond
  • Spawn Location: 7:00

kingkorean

  • Race: Protoss Protoss
  • League: Platinum
  • Spawn Location: 9:00

VOD

Have the link to the VOD?

Description

Time

  • Played on: Nov. 22, 2018, 11:15 p.m.
  • Length: 4:00
Show
View Real Time Build Order
Export as new Build Order

Mali Zerg - Winner!

Build Orders: Pool First 

Get SALT Encoding   

  12  0:02  Drone  
  13  0:13  Overlord  
  13  0:18  Drone  
  14  0:31  Drone x2  
  14  0:35  Drone  
  17  0:46  Drone, Extractor  
  17  0:56  Drone  
  18  1:07  Spawning Pool  
  17  1:17  Hatchery  
  16  1:31  Drone  
  16  1:32  Drone x2  
  19  1:42  Overlord  
  19  1:53  Metabolic Boost  
  19  1:58  Queen  
  21  2:03  Drone  
  22  2:14  Zergling x2  
  23  2:24  Zergling x2  
  24  2:31  Zergling x2  
  24  2:32  Zergling x2  
  24  2:34  Queen  
  28  2:37  Overlord  
  28  2:44  Zergling x2  
  28  2:45  Extractor  
  30  2:51  Zergling x2  
  30  2:52  Zergling x2  
  31  3:02  Zergling x2  
  31  3:03  Zergling x2  
  32  3:22  Drone  
  32  3:23  Drone x3  
  35  3:36  Zergling x6  
  38  3:41  Zergling x2  
  38  3:42  Hatchery  
  40  3:57  Baneling Nest  
Show
View Real Time Build Order
Export as new Build Order

PureLegacy Terran - Winner!

Build Orders:  

Get SALT Encoding   

  12  0:02  SCV  
  14  0:14  SCV  
  14  0:19  Supply Depot  
  14  0:26  SCV  
  15  0:30  Refinery  
  15  0:41  SCV  
  16  0:51  Barracks  
  16  0:53  SCV  
  17  1:03  Barracks  
  17  1:17  Barracks  
  17  1:21  SCV  
  18  1:38  Reaper  
  19  1:41  Orbital Command  
  19  1:50  Refinery, Reaper  
  20  2:02  Supply Depot  
  20  2:06  Reaper  
  21  2:11  Reaper  
  22  2:16  SCV  
  23  2:24  Reaper  
  23  2:26  Supply Depot  
  24  2:31  SCV  
  25  2:38  Reaper  
  26  2:46  Reaper  
  27  2:56  Reaper  
  27  2:57  SCV  
  29  3:17  Reaper  
  30  3:24  Command Center  
  30  3:25  Reaper  
  30  3:26  SCV  
Show
View Real Time Build Order
Export as new Build Order

Dictator Terran 

Build Orders:  

Get SALT Encoding   

  12  0:02  SCV  
  13  0:14  SCV  
  14  0:18  Supply Depot  
  14  0:26  SCV  
  15  0:29  Refinery  
  15  0:40  SCV  
  16  0:47  Barracks  
  16  0:52  SCV  
  17  1:04  SCV  
  18  1:11  Refinery  
  18  1:16  SCV  
  19  1:34  Orbital Command  
  19  1:35  Barracks  
  19  1:37  Marine  
  20  1:47  Supply Depot  
  20  2:00  SCV  
  20  2:01  Barracks Reactor  
  21  2:13  SCV  
  22  2:22  Barracks Tech Lab  
  22  2:24  Factory  
  22  2:25  SCV  
  23  2:37  Marine, SCV  
  23  2:38  Marine  
  23  2:44  Marine  
  26  2:49  SCV  
  26  2:51  Supply Depot  
  28  2:55  Marine  
  28  2:57  Marine  
  30  3:01  Marine  
  31  3:11  Starport  
  31  3:13  Marine  
  31  3:14  Factory Reactor, Marine  
  31  3:19  Marine  
  34  3:31  Marine  
  34  3:32  Marine  
  36  3:37  Marine  
  37  3:41  Supply Depot  
Show
View Real Time Build Order
Export as new Build Order

kingkorean Protoss 

Build Orders: Nexus First 

Get SALT Encoding   

  12  0:07  Probe  
  13  0:15  Pylon  
  13  0:20  Probe  
  14  0:32  Probe  
  15  0:45  Probe  
  16  1:04  Nexus  
  16  1:15  Probe  
  16  1:18  Gateway  
  17  1:23  Probe  
  17  1:32  Probe  
  19  1:40  Probe  
  20  1:48  Probe  
  20  1:51  Assimilator  
  21  1:58  Probe  
  22  2:07  Cybernetics Core  
  22  2:08  Probe  
  22  2:13  Gateway  
  23  2:16  Probe  
  23  2:24  Probe  
  23  2:28  Assimilator  
  23  2:29  Pylon  
  24  2:34  Probe  
  26  2:39  Stalker  
  18  3:19  Pylon  
Tags
 
Add a new tag
Caveats
  • Supply blocks, unpowered buildings, or Contaminate may cause inaccurate times.
  • Supply counts are checked every 10 seconds.